 Dungeon Sprint DCSS version 0.23.1 (webtiles) character file.

Game seed: 11625160422554812709

1252 nuthulu the Grappler (level 8, 0/91 HPs)
             Began as a Troll Monk on Mar 6, 2019.
             Was a Priest of Qazlal.
             Slain by a centaur warrior (13 damage)
             ... in the Dungeon (Sprint I: "Red Sonja").
             The game lasted 00:01:12 (370 turns).

nuthulu the Grappler (Troll Monk)                    Turns: 370, Time: 00:01:13

Health: 0/91       AC:  6    Str: 22    XL:     8   Next: 26%
Magic:  10/10      EV: 14    Int:  6    God:    Qazlal [***...]
Gold:   420        SH:  3    Dex: 12    Spells: 7/7 levels left

rFire    . . .     SeeInvis .     - Unarmed
rCold    . . .     Gourm    +   (no shield)
rNeg     . . .     Faith    .   a - +0 robe
rPois    .         Spirit   .   (helmet restricted)
rElec    .         Reflect  .   (no cloak)
rCorr    .         Harm     .   (gloves unavailable)
MR       .....     NoTele   +   (boots unavailable)
Stlth    +.........             (no amulet)
HPRegen  0.65/turn              (no ring)
MPRegen  0.12/turn              (no ring)

@: no status effects
A: large, unfitting armour, claws 3, fast metabolism 3, gourmand, regeneration
1, shaggy fur 1, tough skin 3
a: Upheaval, Elemental Force, Renounce Religion


You were in the Dungeon.
You worshipped Qazlal.
Qazlal was most pleased with you.
You were not hungry.

You visited 1 branch You collected 420 gold pieces.

Inventory:

Armour
 a - a +0 robe (worn)
Scrolls
 h - a scroll of blinking
 i - a scroll of identify {unknown}
Potions
 c - a potion of curing
 d - a potion of heal wounds
 e - a potion of haste
 f - 2 potions of magic
 g - a potion of berserk rage
Comestibles
 b - 2 rations


   Skills:
 + Level 8.9 Fighting
 + Level 8.9 Dodging
 - Level 1.0 Stealth
 + Level 10.5 Unarmed Combat
 + Level 5.0 Invocations


You had 7 spell levels left.
You didn't know any spells.
Your spell library was empty.

Dungeon Overview and Level Annotations

Branches:
Dungeon (1/1)

Altars:
Cheibriados
Dithmenos
Elyvilon
Fedhas
Gozag
Hepliaklqana
Kikubaaqudgha
Makhleb
Nemelex Xobeh
Okawaru
Qazlal
Ru
Sif Muna
Trog
Uskayaw
Vehumet
Wu Jian
Xom
Yredelemnul
Zin
The Shining One
Jiyva
Lugonu

Shops:
D [


Innate Abilities, Weirdness & Mutations

You are too large for most types of armour.
You have claws for hands.
Your metabolism is lightning-fast.
You like to eat raw meat.
Your natural rate of healing is unusually fast.
You are covered in fur. (AC +1)
You have extremely tough skin. (AC +3)


Message History

The centaur warrior is severely wounded.
You block the centaur warrior's attack.
The centaur warrior completely misses you. x2
Unknown command.
You barely miss the centaur warrior. You claw the centaur warrior!
The centaur warrior is almost dead.
The centaur warrior hits you but does no damage.
You block the centaur warrior's attack.
Unknown command.
You scratch the centaur warrior but do no damage.
The centaur warrior is almost dead.
The centaur warrior hits you!
* * * LOW HITPOINT WARNING * * *
The centaur warrior hits you.
* * * LOW HITPOINT WARNING * * *
Unknown command.
You scratch the centaur warrior.
The centaur warrior is almost dead.
The centaur warrior closely misses you. The centaur warrior hits you!
You die...

#######################
#.['..#..'..#__#..'...#
'..#.)').#..'..'..#)..#
#####'#####'#__####...+
####..#...#[####§§#####
#__####..##§#(§§@§#
#_____##'#§.§≈§cc§+
#_.∩...'...§#§§§§§#
#_..__##_.#'##+####
#_____###+#.# #######
###


You could see 2 centaur warriors.

Vanquished Creatures
  2 kobold demonologists (D)
  A slime creature (D)
  Sigmund (D)
  A yak (D)
  A floating eye (D)
  An ogre (D)
  A jelly (D)
  Ijyb (D)
9 creatures vanquished.

Notes
Turn   | Place    | Note
-------+----------+-------------------------------------------
     0 | D        | nuthulu the Troll Monk began the quest for the Orb.
     0 | D        | Reached XP level 1. HP: 22/22 MP: 0/0
     1 | D        | Noticed Ijyb
    11 | D        | Killed Ijyb
    11 | D        | Reached skill level 4 in Unarmed Combat
    11 | D        | Reached XP level 2. HP: 31/32 MP: 1/1
    16 | D        | Noticed an ogre
    20 | D        | Killed an ogre
    20 | D        | Reached skill level 5 in Fighting
    20 | D        | Reached skill level 5 in Dodging
    20 | D        | Reached skill level 6 in Unarmed Combat
    20 | D        | Reached XP level 3. HP: 42/42 MP: 2/2
    20 | D        | Reached XP level 4. HP: 50/50 MP: 3/3
    30 | D        | Noticed Sigmund
    39 | D        | Killed Sigmund
    39 | D        | Reached skill level 7 in Unarmed Combat
    39 | D        | Reached XP level 5. HP: 61/61 MP: 4/4
    56 | D        | Found an ornate altar of the Wu Jian Council.
    56 | D        | Found a deep blue altar of Sif Muna.
    58 | D        | Found a radiant altar of Vehumet.
    62 | D        | Reached skill level 8 in Unarmed Combat
    62 | D        | Reached XP level 6. HP: 63/68 MP: 5/5
    71 | D        | Found Qoosis's Armour Emporium.
    71 | D        | Found an ancient bone altar of Kikubaaqudgha.
    71 | D        | Found a hazy altar of Hepliaklqana.
    71 | D        | Found a stormy altar of Qazlal.
    71 | D        | Found a hide-covered altar of Uskayaw.
    71 | D        | Found a blossoming altar of Fedhas.
    71 | D        | Found a bloodstained altar of Trog.
    71 | D        | Found an iron altar of Okawaru.
    71 | D        | Found a basalt altar of Yredelemnul.
    71 | D        | Found a glowing golden altar of the Shining One.
    71 | D        | Found a snail-covered altar of Cheibriados.
    71 | D        | Found a sacrificial altar of Ru.
    71 | D        | Found a glowing silver altar of Zin.
    71 | D        | Found a shadowy altar of Dithmenos.
    71 | D        | Found a white marble altar of Elyvilon.
    71 | D        | Noticed a yak
    72 | D        | Found an opulent altar of Gozag.
    76 | D        | Killed a yak
    77 | D        | Found a sparkling altar of Nemelex Xobeh.
    80 | D        | Became a worshipper of Qazlal Stormbringer
    80 | D        | Reached * piety under Qazlal
    80 | D        | Reached ** piety under Qazlal
   110 | D        | Found a viscous altar of Jiyva.
   110 | D        | Found a corrupted altar of Lugonu.
   110 | D        | Noticed a slime creature
   111 | D        | Found a burning altar of Makhleb.
   111 | D        | Found a shimmering altar of Xom.
   124 | D        | Killed a slime creature
   124 | D        | Reached skill level 9 in Unarmed Combat
   124 | D        | Reached XP level 7. HP: 29/79 MP: 5/7
   214 | D        | Noticed a kobold demonologist
   214 | D        | Noticed a kobold demonologist
   217 | D        | Noticed a smoke demon
   220 | D        | Noticed an orange demon
   223 | D        | Noticed an ice devil
   224 | D        | Noticed a smoke demon
   224 | D        | Killed a kobold demonologist
   224 | D        | Reached skill level 10 in Unarmed Combat
   232 | D        | Killed a kobold demonologist
   232 | D        | Reached *** piety under Qazlal
   232 | D        | Reached skill level 5 in Invocations
   232 | D        | Reached XP level 8. HP: 21/91 MP: 8/10
   360 | D        | Noticed a centaur warrior
   360 | D        | Noticed a centaur warrior
   370 | D        | Slain by a centaur warrior

Skill      XL: |  1  2  3  4  5  6  7 |
---------------+----------------------+-----
Fighting       | 3 5 6 7 8 |  8.9
Dodging        | 3 5 6 7 8 |  8.9
Unarmed Combat | 4 6 7 8 9 10 | 10.5
Invocations    | 2 5 |  5.0
Stealth        | |  1.0

Action                   |  1- 3 |  4- 6 |  7- 9 || total
-------------------------+-------+-------+-------++-------
Melee: Unarmed           |    10 |    26 |    25 ||    61
       Punch             |       |     1 |     2 ||     3
 Stab: Sleeping          |     1 |       |       ||     1
  Eat: Chunk             |     1 |     2 |       ||     3
Armor: Robe              |     4 |     3 |    16 ||    23
Dodge: Dodged            |     3 |    11 |    20 ||    34
Block: Other             |       |     1 |     3 ||     4
